 Dungeon Crawl Stone Soup version 0.30-a0-808-g6e0788376e (webtiles) character file.

Game seed: 11750229019388779741

49 Popcorn the Grave Robber (level 3, -2/19 HPs)
             Began as a Deep Elf Necromancer on Feb 25, 2023.
             Slain by a gnoll
             ... wielding a +0 spear
              (6 damage)
             ... on level 2 of the Dungeon.
             The game lasted 00:05:12 (1757 turns).

Popcorn the Grave Robber (Deep Elf Necromancer)     Turns: 1757, Time: 00:05:13

Health: -2/19      AC:  3    Str:  5    XL:     3   Next: 53%
Magic:  10/10      EV: 13    Int: 21    God:
Gold:   100        SH:  0    Dex: 15    Spells: 9/10 levels left

rFire   . . .      SeeInvis .    d - +0 short sword (drain)
rCold   . . .      Faith    .    (no shield)
rNeg    . . .      Spirit   .    a - +1 robe
rPois   .          Reflect  .    (no helmet)
rElec   .          Harm     .    (no cloak)
rCorr   .          Rampage  .    (no gloves)
Will    .....                    (no boots)
Stlth   ++                       (no amulet)
HPRegen 0.23/turn                (no ring)
MPRegen 0.12/turn                (no ring)

@: no status effects
A: no striking features
a: no special abilities


You were on level 2 of the Dungeon.
You visited 1 branch of the dungeon, and saw 2 of its levels.

You collected 100 gold pieces.

Inventory:

Hand Weapons
 d - a +0 short sword of draining (weapon)
Missiles
 g - a throwing net
Armour
 a - a +1 robe (worn)
Scrolls
 c - a scroll of immolation
 e - a scroll of identify
Potions
 b - a potion of magic
 f - 2 potions of flight


   Skills:
 + Level 3.3 Dodging
 - Level 2.4 Stealth
 + Level 4.0 Spellcasting
 + Level 5.4 Necromancy


You had 9 spell levels left.
You knew the following spells:

 Your Spells              Type           Power      Damage    Failure   Level
a - Necrotise             Necr           100%       1d9       1%          1

Your spell library contained the following spells:

 Spells                   Type           Power      Damage    Failure   Level
 Vampiric Draining        Necr           26%        2d7       3%          3
 Animate Dead             Necr           26%        N/A       13%         4
 Agony                    Necr           26%        N/A       34%         5


Dungeon Overview and Level Annotations

Branches:
Dungeon (2/15)

Altars:


Message History

Press: ? - help, Q - select action, (/) - cycle Shift-Dir - straight line, f - you
Okay, then.
You swap places.
You see here a +0 dagger.
Your goblin skeleton crumbles into dust!
There is an escape hatch in the floor here.
A gnoll comes into view. It is wielding a +0 club.
Found a scroll labelled BOS HUDAME.
Okay, then.
A gnoll is nearby!
Unknown command.
Okay, then.
A gnoll is nearby!
A gnoll comes into view. It is wielding a +0 spear.
Aiming: Necrotise (safe; 1% risk of failure)
Press: ? - help, Q - select action, (/) - cycle Shift-Dir - straight line, f - you That beam is likely to hit you.
Continue anyway? [Y]es or [N]o only, please.
That beam is likely to hit you.
Continue anyway?
Okay, then.
Aiming: Necrotise (safe; 1% risk of failure)
Press: ? - help, Q - select action, (/) - cycle Shift-Dir - straight line, f - you That beam is likely to hit you.
Continue anyway? [Y]es or [N]o only, please.
That beam is likely to hit you.
Continue anyway?
Okay, then.
Unknown command.
The gnoll shouts!
You hear a shout!
The gnoll hits you from afar with a +0 spear.
The gnoll hits you with a +0 club.
You hit the gnoll but do no damage.
The gnoll hits you from afar with a +0 spear.
* * * LOW HITPOINT WARNING * * *
The gnoll misses you.
Unknown command.
Unknown command.
You hit the gnoll but do no damage. You drain the gnoll.
The gnoll is moderately wounded.
The gnoll hits you from afar with a +0 spear.
You die...

#### ...## ############
#... ........... #.g ..#
##. ######g### #.# ##.. #
#.....@..#####.#####.#.
.###.####.#.##.......#.##.
.... #.#.##.##.##...##.
### #.. #
#.#.##.##.##....#. ##.....
.# #.#..........##...
.#.#?##..g
###.#...###..#.####..
.......... ..###..# #...##
##. ##.#.#
###.#.#.###....## ##.
.....# .#
#.##.....###.###..


You could see 2 gnolls.

Vanquished Creatures
  An adder (D:2)
  A worm (D:2)
  A dart slug (D:1)
  3 endoplasms (D:1)
  2 giant cockroaches (D:1)
  5 goblins
  2 quokkas (D:1)
  5 ball pythons
  2 bats (D:1)
  4 frilled lizards
  4 kobolds
  4 rats (D:1)
34 creatures vanquished.

Vanquished Creatures (collateral kills)
  A kobold (D:1)
1 creature vanquished.

Grand Total: 35 creatures vanquished

Notes
Turn   | Place    | Note
-------+----------+-------------------------------------------
     0 | D:1      | Popcorn the Deep Elf Necromancer began the quest for the
                  | Orb.
     0 | D:1      | Reached XP level 1. HP: 10/10 MP: 6/6
    46 | D:1      | Reached skill level 5 in Necromancy
   129 | D:1      | Reached XP level 2. HP: 15/15 MP: 2/8
   725 | D:1      | Reached XP level 3. HP: 19/19 MP: 6/10
  1757 | D:2      | Slain by a gnoll

Illustrated notes

Levels and vault maps discovered:
D:1:      ncdulo_lavacross, layout_basic, serial_curves, eino_curves_02,
          eino_curves_03
D:2:      layout_loops_ring

Skill      XL: |  1  2  3 |
---------------+----------+-----
Necromancy     | 5 |  5.4
Dodging        | 3 |  3.3
Spellcasting   | 4 |  4.0
Stealth        | |  2.4

Action                     || total
---------------------------++-------
  Melee: Short sword       ||     2
   Cast: Necrotise         ||    59
    Use: Scroll            ||     5
 Armour: Robe              ||     4
  Dodge: Dodged            ||     7

Table legend: (Time is in decaauts)
 A = Elapsed time spent in this place.
 B = Non-inter-level travel time spent in this place.
 C = Inter-level travel time spent in this place.
 D = Time resting spent in this place.
 E = Time spent auto-exploring this place.
 F = Levels seen in this place.
 G = Mean time per level.
                   A        B        C        D        E       F      G
               +--------+--------+--------+--------+--------+-----+--------+
         Total |   1755 |   1715 |     40 |     67 |   1441 |   2 |  877.5 |
       Dungeon |   1755 |   1715 |     40 |     67 |   1441 |   2 |  877.5 |
               +--------+--------+--------+--------+--------+-----+--------+

Top non-repeatable levels by time:
     D:1: 1220 daAuts
     D:2: 535 daAuts
